 Dungeon Crawl Stone Soup version 0.28-a0-1567-g1695149f81 (webtiles) character file.

Game seed: 3866625859630436429

122 croobank the Insei (level 5, -1/34 HPs)
             Began as an Octopode Transmuter on Jan 19, 2022.
             Succumbed to a scorpion's poison
             ... on level 2 of the Dungeon.
             The game lasted 00:07:33 (1523 turns).

croobank the Insei (Octopode Transmuter)            Turns: 1523, Time: 00:07:34

Health: -1/34      AC:  1    Str: 11    XL:     5   Next: 6%
Magic:  9/9        EV: 13    Int: 16    God:
Gold:   85         SH:  0    Dex: 12    Spells: 3/9 levels left

rFire   . . .      SeeInvis .   d - +0 short sword
rCold   . . .      Faith    .   (no shield)
rNeg    . . .      Spirit   .   (helmet currently unavailable)
rPois   .          Reflect  .   (no amulet)
rElec   .          Harm     .   (no ring)
rCorr   .          Rampage  .   (no ring)
Will    .....                   (no ring)
Stlth   ++........              (no ring)
HPRegen 0.11/turn               (no ring)
MPRegen 0.11/turn               (no ring)
                                (no ring)
                                (no ring)

@: lethally poisoned (-1 -> -21), appendages (expiring)
A: tentacle spike 3, almost no armour, amphibious, 8 rings, camouflage 1,
gelatinous body 1, (nimble swimmer 1), tentacles
a: End Transformation


You were on level 2 of the Dungeon.
One of your tentacles had grown a beastly spike.
You visited 1 branch of the dungeon, and saw 2 of its levels.

You collected 85 gold pieces.

Inventory:

Hand Weapons
 d - a +0 short sword (weapon)
 j - a +0 flail
Missiles
 e - 6 datura-tipped darts (quivered)
 g - 6 boomerangs
 i - 18 arrows
Scrolls
 b - 2 scrolls of identify {unknown}
 c - a scroll of blinking {unknown}
 f - a scroll of immolation
 h - a scroll of teleportation {unknown}
Potions
 a - 2 potions of curing {unknown}


   Skills:
 + Level 2.2 Fighting
 + Level 1.1 Short Blades
 + Level 2.8 Dodging
 - Level 3.2 Unarmed Combat
 + Level 2.7 Spellcasting
 + Level 2.8 Transmutations


You had 3 spell levels left.
You knew the following spells:

 Your Spells              Type           Power      Damage    Failure   Level
a - Beastly Appendage     Tmut           22%        N/A       6%          1
b - Wereblood             Tmut           11%        N/A       9%          2
c - Spider Form           Tmut/Pois      6%         N/A       32%         3

Your spell library contained the following spells:

 Spells                   Type           Power      Damage    Failure   Level
 Ice Form                 Ice/Tmut       6%         N/A       71%         4


Dungeon Overview and Level Annotations

Branches:
Dungeon (2/15)

Altars:
Xom


Innate Abilities, Weirdness & Mutations

One of your tentacles has grown a beastly spike.
You cannot wear most types of armour.
You are amphibious.
You can wear up to eight rings at the same time.
Your skin changes colour to match your surroundings (Stealth+).
Your rubbery body absorbs attacks. (AC +1, EV +1)
((You are camouflaged when in or above water. (Stealth+)))
You have tentacles for arms and can constrict up to eight enemies at once.


Message History

Your tentacle-slap misses the frilled lizard.
You squeeze the frilled lizard.
You kill the frilled lizard!
You hit the scorpion but do no damage. Your grab misses the scorpion.
You pierce the scorpion.
The scorpion is lightly wounded.
The scorpion stings you but does no damage.
You hit the scorpion. Your grab misses the scorpion.
You pierce the scorpion, but do no damage.
The scorpion is moderately wounded.
The scorpion stings you.
You are poisoned.
The scorpion poisons you! The scorpion stings you!
You hit the scorpion but do no damage. You grab the scorpion.
You pierce the scorpion, but do no damage.
The scorpion is moderately wounded.
You constrict the scorpion.
You feel very sick. The scorpion completely misses you.
You hit the scorpion.
You pierce the scorpion.
The scorpion is heavily wounded.
Your transformation is almost over.
You constrict the scorpion.
You feel very sick. The scorpion stings you.
* * * LOW HITPOINT WARNING * * *
You hit the scorpion but do no damage.
You pierce the scorpion, but do no damage.
The scorpion is severely wounded.
You constrict the scorpion.
* * * LOW HITPOINT WARNING * * *
You feel sick. The scorpion stings you.
* * * LOW HITPOINT WARNING * * *
You are more poisoned.
The scorpion poisons you!
You barely miss the scorpion.
You pierce the scorpion, but do no damage.
You squeeze the scorpion.
You kill the scorpion!
You die...

##################
.)...............#
####.#.......###.#
# #.#.......###@# #
#.#........##†# #
#.#........##.# #
##.#........##.# #
#............... #
#............... #
#.......##....... #
#................
###.#.....#........


There were no monsters in sight!

Vanquished Creatures
  A scorpion (D:2)
  Jessica (D:2)
  An adder (D:2)
  4 gnolls (D:2)
  A dart slug (D:1)
  2 ball pythons
  7 bats
  5 endoplasms
  A giant cockroach (D:1)
  3 goblins
  4 hobgoblins (D:1)
  3 jackals (D:2)
  A quokka (D:1)
  5 frilled lizards
  6 kobolds (D:1)
  3 rats
48 creatures vanquished.

Notes
Turn   | Place    | Note
-------+----------+-------------------------------------------
     0 | D:1      | croobank the Octopode Transmuter began the quest for the
                  | Orb.
     0 | D:1      | Reached XP level 1. HP: 13/13 MP: 3/3
   167 | D:1      | Reached XP level 2. HP: 16/18 MP: 3/5
   176 | D:1      | Learned a level 2 spell: Wereblood
   452 | D:1      | Reached XP level 3. HP: 19/23 MP: 4/6
   588 | D:1      | Found a faded altar of an unknown god.
  1057 | D:2      | Learned a level 3 spell: Spider Form
  1156 | D:2      | Found a shimmering altar of Xom.
  1158 | D:2      | Noticed Jessica
  1174 | D:2      | Killed Jessica
  1175 | D:2      | Reached XP level 4. HP: 29/29 MP: 4/7
  1358 | D:2      | Reached skill level 1 in Short Blades
  1363 | D:2      | Reached XP level 5. HP: 19/34 MP: 5/9
  1523 | D:2      | Succumbed to a scorpion's poison

Illustrated notes

Levels and vault maps discovered:
D:1:      dpeg_arrival_tiny_h, layout_loops_ring,
          hellmonk_ecumenical_altar_blasted, minmay_tromino_i2
D:2:      layout_loops_ring, basic_altar, uniq_jessica

Skill      XL: |  1  2  3  4 |
---------------+-------------+-----
Fighting       | 2 |  2.2
Short Blades   | 1 |  1.1
Dodging        | |  2.8
Unarmed Combat | |  3.2
Spellcasting   | |  2.7
Transmutations | |  2.8

Action                   |  1- 3 |  4- 6 || total
-------------------------+-------+-------++-------
Melee: Unarmed           |    18 |       ||    18
       Kick              |    18 |    12 ||    30
       Constrict         |    18 |     5 ||    23
       Tentacles         |    14 |     5 ||    19
       Short sword       |    53 |    24 ||    77
       Punch             |     1 |       ||     1
 Cast: Beastly Appendage |    22 |     4 ||    26
       Wereblood         |     1 |     1 ||     2
       Spider Form       |     1 |       ||     1
 Stab: Sleeping          |     2 |     1 ||     3
Armor: Skin              |    10 |     1 ||    11
Dodge: Dodged            |    50 |    10 ||    60

Table legend: (Time is in decaauts)
 A = Elapsed time spent in this place.
 B = Non-inter-level travel time spent in this place.
 C = Inter-level travel time spent in this place.
 D = Time resting spent in this place.
 E = Time spent auto-exploring this place.
 F = Levels seen in this place.
 G = Mean time per level.
                   A        B        C        D        E       F      G
               +--------+--------+--------+--------+--------+-----+--------+
         Total |   1527 |   1497 |     30 |      0 |   1115 |   2 |  763.5 |
       Dungeon |   1527 |   1497 |     30 |      0 |   1115 |   2 |  763.5 |
               +--------+--------+--------+--------+--------+-----+--------+

Top non-repeatable levels by time:
     D:1: 898 daAuts
     D:2: 628 daAuts
